 Dungeon Crawl Stone Soup version 0.29.0-4-gdea44cf6ec (webtiles) character file.

Game seed: 6038976455694704133

13 qw the Chopper (level 2, -1/17 HPs)
             Began as a Tengu Warper on Aug 28, 2022.
             Slain by a hobgoblin (3 damage)
             ... on level 1 of the Dungeon.
             The game lasted 00:00:02 (287 turns).

qw the Chopper (Tengu Warper)                        Turns: 287, Time: 00:00:02

Health: -1/17      AC:  3    Str: 11    XL:     2   Next: 37%
Magic:  6/6        EV: 11    Int: 13    God:
Gold:   53         SH:  0    Dex: 13    Spells: 5/5 levels left

rFire   . . .      SeeInvis .   a - +0 hand axe
rCold   . . .      Faith    .   (no shield)
rNeg    . . .      Spirit   .   b - +0 leather armour
rPois   .          Reflect  .   (helmet restricted)
rElec   .          Harm     .   (no cloak)
rCorr   .          Rampage  .   (no gloves)
Will    .....                   (boots unavailable)
Stlth   +.........              (no amulet)
HPRegen 0.05/turn               (no ring)
MPRegen 0.10/turn               (no ring)

@: no status effects
A: beak, talons 3
a: no special abilities


You were on level 1 of the Dungeon.
You visited 1 branch of the dungeon, and saw 1 of its levels.

You collected 53 gold pieces.


Innate Abilities, Weirdness & Mutations

You have a beak for a mouth.
You have claws for feet.


   Skills:
 - Level 2.0 Fighting
 + Level 3.3 Axes
 - Level 1.0 Throwing
 - Level 1.1 Armour
 - Level 2.1 Dodging
 - Level 2.0 Spellcasting
 - Level 2.4 Translocations


You had 5 spell levels left.
You didn't know any spells.
Your spell library contained the following spells:

 Spells                   Type           Power      Damage    Failure   Level
 Blink                    Tloc           14%        N/A       19%         2
 Gell's Gravitas          Tloc           7%         N/A       36%         3
 Lesser Beckoning         Tloc           7%         N/A       36%         3
 Teleport Other           Tloc           7%         N/A       36%         3
 Manifold Assault         Tloc           7%         N/A       98%         5

Inventory:

Hand Weapons
 a - a +0 hand axe (weapon)
Armour
 b - a +0 leather armour (worn)
 d - a +0 cloak
Scrolls
 c - a scroll of blinking
Potions
 e - a potion of ambrosia {unknown}
 f - a potion of invisibility {unknown}

Dungeon Overview and Level Annotations

Branches:
Dungeon (1/15)

Altars:


Message History

The hobgoblin shouts!
An endoplasm comes into view. x2
You closely miss the hobgoblin.
The endoplasm quivers. x2
Your kick misses the hobgoblin. The hobgoblin closely misses you.
You hit the hobgoblin but do no damage. Your peck misses the hobgoblin.
You hit the hobgoblin. The hobgoblin closely misses you.
The hobgoblin hits you.
You barely miss the hobgoblin. Your kick misses the hobgoblin.
The hobgoblin is moderately wounded.
You hit the hobgoblin. You closely miss the hobgoblin.
The hobgoblin barely misses you. The hobgoblin hits you.
The hobgoblin hits you but does no damage.
You hit the hobgoblin. Your kick misses the hobgoblin.
The hobgoblin is almost dead.
You closely miss the hobgoblin. x2
The hobgoblin closely misses you. x2; The hobgoblin misses you.
You hit the hobgoblin but do no damage. Your kick misses the hobgoblin.
The hobgoblin is almost dead.
You hit the hobgoblin.
You kill the hobgoblin!
You hit the hobgoblin but do no damage.
The hobgoblin hits you but does no damage.
The hobgoblin barely misses you.
You slash the hobgoblin!
You kill the hobgoblin!
You closely miss the hobgoblin. The hobgoblin hits you.
You hit the hobgoblin but do no damage. You claw the hobgoblin.
The hobgoblin is almost dead.
You hit the endoplasm. The endoplasm hits you.
The hobgoblin closely misses you. x2
The endoplasm hits you but does no damage.
You hit the hobgoblin but do no damage.
The hobgoblin is almost dead.
You hit the endoplasm but do no damage. You hit the endoplasm.
The endoplasm freezes you.
You are frozen.
The endoplasm closely misses you. The hobgoblin hits you.
You die...

##.........#.. #.>..$...=#..
#........... .. #..........###.
..##..............
.............$.......
............gJJ......
.............@...# #########
.....##..........## #.......# #
...................#####...####
##........##......#.........##
................##..#.####..#
.##..####).####....##.###..#####
...................##..........##
..########..................##..#
#.#### #...##.#............##.#


You could see 2 endoplasms and a hobgoblin.

Vanquished Creatures
  A ball python (D:1)
  An endoplasm (D:1)
  A giant cockroach (D:1)
  A goblin (D:1)
  2 hobgoblins (D:1)
  A quokka (D:1)
  3 bats (D:1)
  A frilled lizard (D:1)
  A rat (D:1)
12 creatures vanquished.

Notes
Turn   | Place    | Note
-------+----------+-------------------------------------------
     0 | D:1      | qw the Tengu Warper began the quest for the Orb.
     0 | D:1      | Reached XP level 1. HP: 12/12 MP: 4/4
     0 | D:1      | 0 ||| qw: Version: 0.1-a-89-g26bdef1
     0 | D:1      | 0 ||| qw: Game counter: 466
     0 | D:1      | 0 ||| qw: Always use a shield: true
     0 | D:1      | 0 ||| qw: God list: Okawaru
     0 | D:1      | 0 ||| qw: Allow faded altars: false
     0 | D:1      | 0 ||| qw: Do Orc after D:15 true
     0 | D:1      | 0 ||| qw: Do second Lair branch before Depths: true
     0 | D:1      | 0 ||| qw: Lair rune preference: random
     0 | D:1      | 0 ||| qw: Plans: Normal
     0 | D:1      | 0 ||| PLANNING D:1-11
    86 | D:1      | Reached XP level 2. HP: 17/17 MP: 6/6
    97 | D:1      | Reached skill level 3 in Axes
   287 | D:1      | HP: 2/17 [frozen (4)]
   287 | D:1      | Slain by a hobgoblin

Levels and vault maps discovered:
D:1:      spicycebolla_arrival_ecumenical, layout_rooms, reono_crystal_passage,
          hangedman_decor_diamond_cutter

Skill      XL: |  1  2 |
---------------+-------+-----
Axes           | 3 |  3.3
Fighting       | |  2.0
Throwing       | |  1.0
Armour         | |  1.1
Dodging        | |  2.1
Spellcasting   | |  2.0
Translocations | |  2.4

Action                   || total
-------------------------++-------
Melee: Hand axe          ||    31
       Kick              ||     2
       Peck              ||     2
Throw: Boomerang         ||     7
Armor: Leather armour    ||    14
Dodge: Dodged            ||    27

Table legend:
 A = Non-vault XP
 B = Vault XP
 C = Vault XP percentage of total XP
 D = Non-vault monster count
 E = Vault monster count
 F = Vault count percentage of total count
                 A         B        C        D         E       F
            +---------+---------+-------+---------+---------+-------
      Total |      19 |       0 |   0.0 |      12 |       0 |   0.0
            +---------+---------+-------+---------+---------+-------
        D:1 |      19 |       0 |   0.0 |      12 |       0 |   0.0
            +---------+---------+-------+---------+---------+-------
